 Dungeon Crawl Stone Soup version 0.29-a0-106-g0a07039d5a (webtiles) character file.

Game seed: 17057462984325660516

14 siradein the Skirmisher (level 2, 0/27 HPs)
             Began as a Minotaur Fighter on Feb 17, 2022.
             Slain by a gnoll (6 damage)
             ... on level 1 of the Dungeon.
             The game lasted 00:01:50 (557 turns).

siradein the Skirmisher (Minotaur Fighter)           Turns: 557, Time: 00:01:51

Health: 0/27       AC:  7    Str: 20    XL:     2   Next: 27%
Magic:  1/1        EV:  9    Int:  5    God:
Gold:   27         SH:  4    Dex:  9    Spells: 1/1 levels left

rFire   . . .      SeeInvis .   a - +0 long sword
rCold   . . .      Faith    .   c - +0 buckler
rNeg    . . .      Spirit   .   b - +0 scale mail
rPois   .          Reflect  .   (helmet restricted)
rElec   .          Harm     .   (no cloak)
rCorr   .          Rampage  .   (no gloves)
Will    .....                   (no boots)
Stlth   ..........              (no amulet)
HPRegen 0.09/turn               (no ring)
MPRegen 0.07/turn               (no ring)

@: no status effects
A: horns 2, retaliatory headbutt
a: no special abilities


You were on level 1 of the Dungeon.
You visited 1 branch of the dungeon, and saw 1 of its levels.

You collected 27 gold pieces.

Inventory:

Hand Weapons
 a - a +0 long sword (weapon)
Missiles
 f - 3 javelins (quivered)
Armour
 b - a +0 scale mail (worn)
 c - a +0 buckler (worn)
Potions
 d - a potion of might
 e - a potion of mutation {unknown}


   Skills:
 + Level 3.9 Fighting
 + Level 2.8 Long Blades
 + Level 3.9 Armour
 + Level 3.8 Shields


You had one spell level left.
You didn't know any spells.
Your spell library was empty.

Dungeon Overview and Level Annotations

Branches:
Dungeon (1/15)

Altars:


Innate Abilities, Weirdness & Mutations

You have a pair of horns on your head.
You reflexively headbutt those who attack you in melee.


Message History

Your headbutt misses the frilled lizard.
The frilled lizard closely misses you.
You slash the frilled lizard!
You kill the frilled lizard!
You hit the dart slug.
The dart slug is heavily wounded.
You hit the dart slug. You headbutt the dart slug.
You kill the dart slug!
No target in view!
You see here a dart slug corpse.
Found a robe.
Found a ring mail.
A hobgoblin comes into view.
The hobgoblin shouts!
The hobgoblin hits you but does no damage.
You slash the hobgoblin!
You kill the hobgoblin!
No target in view!
No target in view!
Found 3 javelins.
You now have 19 gold pieces (gained 8).
Found a spear.
You now have 27 gold pieces (gained 8).
Found a stone staircase leading down.
A gnoll comes into view. It is wielding a +0 flail.
The gnoll shouts!
You see here 3 javelins.
f - 3 javelins You closely miss the gnoll.
The gnoll hits you with a +0 flail. The gnoll hits you with a +0 flail!
You slash the gnoll! Your headbutt misses the gnoll.
The gnoll is severely wounded.
The gnoll hits you with a +0 flail!
* * * LOW HITPOINT WARNING * * *
You are too injured to fight recklessly!
You are too injured to fight recklessly!
You are too injured to fight recklessly!
You block the gnoll's attack. The gnoll hits you with a +0 flail.
You die...

♣♣..♣#...# #..........♣♣♣
♣..♣♣##### #.#######♣♣♣♣♣
♣..P♣ #.# #...♣.. ♣..♣♣####
#.# ##.♣♣... ♣♣.♣♣...# #.#
#..♣♣♣P. ♣.♣....# #.#
#.##♣♣PP #.#....#
#.#####.###.♣P
#......####...#...##..♣♣
###...g@.............#.♣
#.............######.#
###..##.........####.#
#.##..###......##...
#..#.♣♣♣♣♣♣.##...... #####
#..#♣P♣PPP♣♣###.....
##...###...♣♣P...♣ ###...
##.....##...♣♣PP..♣♣♣####...
#..........#.♣.♣.♣PP.♣.##...


You could see a gnoll.

Vanquished Creatures
  2 dart slugs (D:1)
  2 hobgoblins (D:1)
  A bat (D:1)
  2 frilled lizards (D:1)
  2 goblins (D:1)
  A kobold (D:1)
  A rat (D:1)
11 creatures vanquished.

Vanquished Creatures (others)
  2 plants (D:1)
2 creatures vanquished.

Grand Total: 13 creatures vanquished

Notes
Turn   | Place    | Note
-------+----------+-------------------------------------------
     0 | D:1      | siradein the Minotaur Fighter began the quest for the Orb.
     0 | D:1      | Reached XP level 1. HP: 19/19 MP: 0/0
   268 | D:1      | Reached XP level 2. HP: 27/27 MP: 1/1
   557 | D:1      | Slain by a gnoll

Illustrated notes

Levels and vault maps discovered:
D:1:      lemuel_arrival_hallway, layout_rooms, serial_forest,
          infiniplex_forest_end_3, infiniplex_forest_lined_3,
          infiniplex_forest_join, infiniplex_forest_zigzag_1

Action                   || total
-------------------------++-------
Melee: Long sword        ||    26
       Headbutt          ||     3
Armor: Scale mail        ||    13
Dodge: Dodged            ||    12
Block: Buckler           ||     4

Table legend: (Time is in decaauts)
 A = Elapsed time spent in this place.
 B = Non-inter-level travel time spent in this place.
 C = Inter-level travel time spent in this place.
 D = Time resting spent in this place.
 E = Time spent auto-exploring this place.
 F = Levels seen in this place.
 G = Mean time per level.
                   A        B        C        D        E       F      G
               +--------+--------+--------+--------+--------+-----+--------+
         Total |    564 |    564 |      0 |      0 |    434 |   1 |  564.0 |
       Dungeon |    564 |    564 |      0 |      0 |    434 |   1 |  564.0 |
               +--------+--------+--------+--------+--------+-----+--------+

Top non-repeatable levels by time:
     D:1: 564 daAuts
